[Event "SixDays Budapest January IM-B 2025"]
[Site "Budapest"]
[Date "2025.01.27"]
[Round "2.5"]
[White "Krizsany, Laszlo"]
[Black "Meers, Hubert"]
[Result "1/2-1/2"]
[Annotator "TA"]
[ECO "E16"]
[WhiteElo "2303"]
[BlackElo "2198"]
[PlyCount "70"]
[EventDate "2025.01.24"]
[EventType "tourn"]
[EventCountry "HUN"]
[SourceTitle "playchess.com"]
[Source "ChessBase"]
[SourceQuality "1"]
[TimeControl "5400+30"]

1. d4 Nf6 2. c4 e6 3. Nf3 b6 4. g3 Bb7 5. Bg2 Bb4+ 6. Bd2 c5 7. Bxb4 cxb4 8. O-O O-O {[%emt 0:00:03] 8...a5 injects fresh life into this line.} 9. Nbd2 d6 10. Re1 Nbd7 {[%emt 0:01:23] E16: Queen's Indian: 4 g3 Bb7 5 Bg2 Bb4+.} 11. e4 e5 12. Qb3 a5 {[%emt 0:03:28] White has an edge.} 13. a3 $146 (13. Rad1 Qc7 14. h3 {½-½ Kozak,M (2245)-Hrbolka,L (2230) CZE-chT2b 0506 2005 (1)}) 13... bxa3 14. Qxa3 Qc7 15. h3 Rfe8 16. Re3 Nb8 17. Qc3 Na6 18. b3 Rac8 19. Qb2 Nb4 20. Rd1 Qb8 21. Rc1 Rcd8 22. Rce1 Nd7 23. Nb1 Qa8 24. Nc3 f5 25. exf5 {[%emt 0:01:49] Hoping for Nb5.} exd4 26. Rxe8+ (26. Nxd4 Rxe3 27. Rxe3 (27. fxe3 Nd3 $17) 27... Bxg2 $17) 26... Rxe8 27. Rxe8+ Qxe8 28. Nxd4 Qe1+ 29. Kh2 Bxg2 30. Kxg2 Ne5 31. Nf3 ({White should play} 31. Ndb5 $16) 31... Nxf3 $11 {[%emt 0:01:24] The position is equal.} 32. Kxf3 Nd3 33. Qc2 Nb4 34. Qb2 Nd3 35. Qc2 Nb4 {[%emt 0:02:39] Weighted Error Value: White=0.11 (very precise) /Black=0.07 (flawless)   Mistake:       	White=1     	Black=1      Inaccurate:     	---       	Black=1      OK:         	White=12    	Black=10     Best:        	White=2     	Black=4} 1/2-1/2

[Event "SixDays Budapest January IM-B 2025"]
[Site "Budapest"]
[Date "2025.01.27"]
[Round "3.1"]
[White "Meers, Hubert"]
[Black "Subramanian, Anusha"]
[Result "1-0"]
[Annotator "TA"]
[ECO "C43"]
[WhiteElo "2198"]
[BlackElo "2044"]
[PlyCount "59"]
[EventDate "2025.01.24"]
[EventType "tourn"]
[EventCountry "HUN"]
[SourceTitle "playchess.com"]
[Source "ChessBase"]
[SourceQuality "1"]
[TimeControl "5400+30"]

1. e4 e5 2. Nf3 Nf6 3. d4 Nxe4 4. Bd3 d5 5. dxe5 Be7 6. Nbd2 {[%emt 0:08:03] C43: Petroff Defence: 3 d4.} Nxd2 7. Bxd2 c5 8. c3 $1 {[%emt 0:00:33] The position is equal.} Nc6 9. h3 Be6 10. O-O Qd7 11. a4 $146 (11. Re1 h6 12. Rc1 O-O 13. Bf4 Bf5 14. Qc2 Bxd3 15. Qxd3 Qe6 16. a3 Rfd8 17. Bg3 {½-½ Roganovic,M (2480)-Spacek,P (2361) Regionalliga Sued-Ost 1819 2018 (1.1)}) 11... Bf5 12. Bg5 Bxd3 13. Qxd3 O-O ({Of course not} 13... Bxg5 14. Nxg5 Nxe5 15. Rfe1 $16) 14. Rad1 h6 15. Bxe7 (15. Qxd5 Qxd5 16. Rxd5 hxg5 $17) 15... Nxe7 16. a5 b6 17. Nh4 Rfd8 (17... bxa5 $11 18. f4 Qc7) 18. f4 $1 $14 {[%emt 0:02:50][%cal Bf2f4,Bf4f5,Bf5f6][%mdl 32] White is more active.} Qa4 ({Black should try} 18... Qe6 $14) 19. Qg3 {[%emt 0:04:17] [#]} d4 $2 {[%emt 0:10:25][%mdl 8192] This move loses the game for Black.} (19... Rf8 $16 20. f5 f6) 20. f5 $18 {[%emt 0:00:56] Strongly threatening f6.} Qc2 21. f6 Ng6 {[%emt 0:00:16] [#]} 22. e6 $1 {[%emt 0:01:38][%cal Be5e6,Be6f7][%mdl 544] Threatening mate with exf7+.} gxf6 (22... Rf8 23. e7) 23. exf7+ Kh7 24. Nf5 $2 (24. Rde1) 24... Rd7 $2 (24... Qb3 25. f8=B (25. cxd4 Qxg3 26. Nxg3 cxd4 $18) 25... Rxf8) 25. Qf3 Rad8 26. Qh5 Rxf7 27. Qxh6+ {[%emt 0:00:12] White mates.} Kg8 28. Qxg6+ Kf8 29. Qh5 Kg8 30. Nh6+ {[%emt 0:00:06] Weighted Error Value: White=0.25 (precise) /Black=1.58  Loses game:     	---       	Black=1      Mistake:       	---       	Black=2      Inaccurate:     	---       	Black=2      OK:         	White=3     	Black=2      Best:        	White=2     	---        Strong:       	White=2     	---} 1-0

[Event "SixDays Budapest January IM-B 2025"]
[Site "Budapest"]
[Date "2025.01.27"]
[Round "3.2"]
[White "Senthil Maran K"]
[Black "Krizsany, Laszlo"]
[Result "1/2-1/2"]
[Annotator "TA"]
[ECO "A04"]
[WhiteElo "2398"]
[BlackElo "2303"]
[PlyCount "29"]
[EventDate "2025.01.24"]
[EventType "tourn"]
[EventCountry "HUN"]
[SourceTitle "playchess.com"]
[Source "ChessBase"]
[SourceQuality "1"]
[TimeControl "5400+30"]

1. Nf3 f5 2. g3 Nf6 3. Bg2 d6 4. d4 g6 5. O-O Bg7 6. c4 O-O 7. Nc3 Qe8 {[%emt 0:00:15] 7...e6 is a critical line.} 8. Re1 Qf7 9. e4 {[%emt 0:00:11] A87: Dutch Defence: Leningrad System: 5 Nf3.} fxe4 10. Nxe4 Qxc4 (10... Nc6 $1 $11 {keeps the balance.}) 11. Neg5 ({White should try} 11. Nxf6+ $16 exf6 12. Re7) 11... Nc6 $11 {[%emt 0:03:44] The position is equal.} 12. Bf1 Qb4 $146 (12... Qd5 13. b3 Qa5 14. Bd2 Qb6 15. Bf4 e5 16. dxe5 Ng4 17. exd6 Qxf2+ 18. Kh1 Nd4 {0-1 Piorun,K (2532)-Pruijssers,R (2511) Bundesliga 1415 2014 (15.2)}) 13. Bd2 {[%emt 0:08:09][%mdl 1024] White has compensation.} Qb6 14. a4 {[%emt 0:07:17] [#] and a5 would now be decisive} a5 $1 15. d5 {[%emt 0:10:34] Weighted Error Value: White=0.30/Black=0.15 (very precise)   Mistake:       	White=1     	Black=1      Inaccurate:     	White=1     	---        OK:         	White=1     	Black=2      Best:        	---       	Black=1      Strong:       	---       	Black=1} 1/2-1/2

[Event "SixDays Budapest January IM-B 2025"]
[Site "Budapest"]
[Date "2025.01.27"]
[Round "3.3"]
[White "Horvath, David"]
[Black "Ongut, Tamas Gunes"]
[Result "1/2-1/2"]
[Annotator "TA"]
[ECO "E71"]
[WhiteElo "2299"]
[BlackElo "2262"]
[PlyCount "29"]
[EventDate "2025.01.24"]
[EventType "tourn"]
[EventCountry "HUN"]
[SourceTitle "playchess.com"]
[Source "ChessBase"]
[SourceQuality "1"]
[TimeControl "5400+30"]

1. d4 Nf6 2. c4 g6 3. Nc3 Bg7 4. e4 d6 5. h3 e5 6. dxe5 {[%emt 0:20:02] E71: King's Indian: 4 e4 d6 5 h3.} dxe5 7. Qxd8+ Kxd8 8. Nf3 {[%emt 0:03:01] White is slightly better.} Re8 9. Be3 Nbd7 10. O-O-O h6 11. c5 {[%emt 0:08:36] White is better.} c6 12. Nd2 Ke7 $146 (12... Rf8 13. Nc4 Ne8 14. Be2 Ke7 15. b4 f5 16. f3 Nc7 17. exf5 gxf5 18. g4 Ne6 {½-½ Teplyi,I (2403)-Gergacz,A (2360) Kolding-ch DanPump GM/IM 2018 (2)}) 13. Nc4 Rd8 14. Be2 {[%emt 0:12:58] White has more active pieces.} Ne8 15. Nd6 {[%emt 0:05:15] Weighted Error Value: White=0.06 (flawless) /Black=0.11 (very precise)   Mistake:       	White=1     	---        Inaccurate:     	White=1     	Black=2      OK:         	White=5     	Black=3} (15. b4 $16) 1/2-1/2

[Event "SixDays Budapest January IM-B 2025"]
[Site "Budapest"]
[Date "2025.01.27"]
[Round "3.4"]
[White "Papp, Bence"]
[Black "Varga, Csaba Zoltan"]
[Result "1/2-1/2"]
[Annotator "TA"]
[ECO "B51"]
[WhiteElo "2272"]
[BlackElo "2198"]
[PlyCount "37"]
[EventDate "2025.01.24"]
[EventType "tourn"]
[EventCountry "HUN"]
[SourceTitle "playchess.com"]
[Source "ChessBase"]
[SourceQuality "1"]
[TimeControl "5400+30"]

1. e4 c5 2. Nf3 d6 3. Bb5+ Nd7 4. O-O a6 5. Bd3 Qc7 6. c3 {[%emt 0:00:41] B51: Sicilian: Moscow Variation (3 Bb5+) without 3...Bd7.} e6 7. Bc2 Ne5 $146 (7... c4 8. b3 b5 9. a4 Bb7 10. axb5 axb5 11. Rxa8+ Bxa8 12. Qe2 {½-½ Zhigalko,S (2664)-Smirnov,P (2627) Baku op 2013 (8)}) 8. a4 {[%emt 0:04:31] White is slightly better.} Nf6 9. d3 Nxf3+ 10. Qxf3 Bd7 11. Nd2 Be7 12. Nc4 O-O 13. a5 Bb5 14. Ne3 Rad8 {[%emt 0:03:10] The position is equal.} 15. Qg3 Nh5 16. Qf3 Nf6 17. Qg3 Nh5 18. Qf3 Nf6 19. Qg3 {[%emt 0:00:26] Weighted Error Value: White=0.11 (very precise) /Black=0.06 (flawless)   Inaccurate:     	White=1     	Black=1      OK:         	White=4     	Black=9} 1/2-1/2

[Event "SixDays Budapest January IM-B 2025"]
[Site "Budapest"]
[Date "2025.01.27"]
[Round "3.5"]
[White "Tancsa, Tamas"]
[Black "Vandan Alankar Sawai"]
[Result "1/2-1/2"]
[Annotator "TA"]
[ECO "C11"]
[WhiteElo "2192"]
[BlackElo "2177"]
[PlyCount "58"]
[EventDate "2025.01.24"]
[EventType "tourn"]
[EventCountry "HUN"]
[SourceTitle "playchess.com"]
[Source "ChessBase"]
[SourceQuality "1"]
[TimeControl "5400+30"]

1. e4 e6 2. d4 d5 3. Nc3 Nf6 4. e5 Nfd7 5. f4 c5 6. Nf3 Nc6 7. Be3 Be7 8. Qd2 O-O 9. dxc5 Qa5 $1 {[%emt 0:00:15][%mdl 4] is more profitable than 9...Nxc5 at the moment. C11: French: Classical System: 4 e5 and 4 Bg5 dxe4.} 10. O-O-O b6 {[%emt 0:00:39][%cal Bb7b6,Bb6c5,Bc5b4][%mdl 32] Black sacrificed a pawn} 11. Bb5 Nb4 {[%emt 0:00:14] White has an edge.} 12. a3 bxc5 {[%emt 0:00:11][%cal Ob4a2] [#]} 13. Bxd7 (13. axb4 cxb4 14. Na4 (14. Bxd7 $2 bxc3 15. Qxc3 Bb4 $19) 14... Qxb5 $17) (13. Kb1 {simplifies} Rb8 14. axb4 cxb4 15. Nxd5 exd5 16. Bxd7 Bxd7 17. Qxd5 Qxd5 18. Rxd5 Bf5 19. Bxa7 Rb7 20. Bc5) 13... Bxd7 14. axb4 (14. f5 $1 $11) 14... Qa1+ {[%emt 0:00:37] Black attacks} (14... cxb4 $15 15. Nb1 Rfc8) 15. Nb1 $14 cxb4 16. Nd4 {[%emt 0:02:20] Hoping for Nb3.} (16. f5 $5 b3 17. c3 $14 (17. cxb3 $2 Rfc8+ $19)) 16... Rfc8 17. Qd3 a5 18. f5 (18. Kd2 $15) 18... a4 $146 (18... exf5 19. e6 fxe6 20. Nxf5 exf5 21. Qxd5+ Kh8 22. Qxd7 Bf6 23. Rd4 b3 24. c3 a4 25. Qf7 a3 26. Qxb3 a2 27. Qc2 Rxc3 {0-1 Santos Ruiz,M (2560)-Edouard,R (2658) EU-ch 20th Skopje 2019 (8)}) 19. f6 (19. Kd2 $17) 19... gxf6 $2 (19... Bf8 $19 {Hoping for ...gxf6.} 20. Rhf1 a3 21. bxa3 bxa3) 20. Bh6 $1 $11 Kh8 21. exf6 $1 Bd6 $1 22. Bg7+ Kg8 23. Qe3 {[%emt 0:01:53] Prevents Bf4} a3 $36 {[%emt 0:00:11][%mdl 2048] Black has good play.} 24. Bh6 Qxb2+ (24... axb2+ $2 25. Kd2 Kh8 26. Qg5 $18) 25. Kd2 Kh8 26. Bg7+ $1 Kg8 {[%emt 0:00:03][%mdl 1024] Black has strong compensation.} 27. Bh6 $1 {[%emt 0:01:34] White wants to mate with Qg5+.} Kh8 28. Bg7+ $1 Kg8 29. Ke1 $2 {[%mdl 8192] [#]} (29. Bh6 $1 $11 {and White is okay.} Kh8) 29... Rxc2 $2 {Weighted Error Value: White=0.35/Black=0.57  Loses game:     	White=1     	---        Missed win:     	---       	Black=3      Mistake:       	White=3     	Black=1      Inaccurate:     	White=2     	Black=1      OK:         	White=3     	Black=5      Best:        	White=2     	Black=4      Strong:       	White=5     	Black=1} ({And not} 29... a2 30. Bh6 Kh8 31. Qg5) (29... Ba4 $1 $19 {[%cal Ra4c2] has better winning chances.} 30. Qg5 Bxc2 31. Bh8+ Bg6) 1/2-1/2

[Event "SixDays Budapest January IM-B 2025"]
[Site "Budapest"]
[Date "2025.01.28"]
[Round "4.1"]
[White "Subramanian, Anusha"]
[Black "Vandan Alankar Sawai"]
[Result "1/2-1/2"]
[Annotator "TA"]
[ECO "C77"]
[WhiteElo "2044"]
[BlackElo "2177"]
[PlyCount "205"]
[EventDate "2025.01.24"]
[EventType "tourn"]
[EventCountry "HUN"]
[SourceTitle "playchess.com"]
[Source "ChessBase"]
[SourceQuality "1"]
[TimeControl "5400+30"]

1. e4 e5 2. Nf3 Nc6 3. Bb5 a6 4. Ba4 Nf6 5. Qe2 d6 (5... b5 $5 6. Bb3 $8 Bc5 $11) 6. h3 {[%emt 0:00:34] C77: Ruy Lopez: 3...a6 4 Ba4 Nf6, unusual lines.} g6 (6... b5 $5 7. Bb3 $8 Na5 $11) 7. c3 Bg7 8. d3 O-O 9. O-O Nd7 10. Re1 $146 (10. Nbd2 Nc5 11. Bc2 Ne6 12. Nc4 f5 13. exf5 gxf5 14. a4 d5 15. Ncxe5 Nxe5 16. Nxe5 {½-½ Sergienko,S (2335)-Plotnikov,P (2297) Titled Tuesday intern op 10th Nov blitz 2020 (11)}) 10... Nc5 11. Bc2 {[%emt 0:02:23] The position is symmetric and equal} Ne6 12. Bb3 Kh8 13. Bxe6 (13. Bd5 $11 {deserves consideration.}) 13... Bxe6 $15 14. Ng5 Bd7 15. f4 (15. a4 $15) 15... h6 (15... Bh6 $17 16. Bd2 exf4) 16. Nf3 exf4 17. Bxf4 f5 {[%emt 0:00:25] ...fxe4 is the strong threat.} 18. e5 Re8 $1 $36 {[%emt 0:03:52][%mdl 2048] Black is really pushing.} 19. d4 g5 20. Nxg5 hxg5 21. Qh5+ Kg8 22. Bxg5 Qc8 ({Black should try} 22... Qb8 $1 $17 23. Nd2 (23. Bh6 Re6 $17) 23... dxe5 24. dxe5 Rxe5 (24... Nxe5 25. Nf3 $19)) 23. Bh6 $2 (23. Nd2 $1 $11 {and White stays safe.}) 23... Re6 $19 (23... dxe5 24. Bxg7 Kxg7 25. d5 $11) 24. Bxg7 Kxg7 25. Nd2 dxe5 (25... Rh6 $19 26. Qe2 (26. Qg5+ $2 Rg6 $19) 26... Qg8 27. exd6 cxd6) 26. d5 $1 $15 (26. Qxf5 Rg6 (26... exd4 27. Rxe6 Bxe6 28. Qg5+ Kh8 29. Qh6+ Kg8 30. Rf1 $18) 27. Qe4 (27. Qh5 $2 Bxh3 28. Rxe5 Rxg2+ 29. Kh1 Qg4 $19) 27... Bxh3 $19) 26... Rh6 (26... Qe8 $1 $15 27. Qe2 Re7 (27... Rg6 28. dxc6 Bxc6 29. Nf3 $11) 28. dxc6 Bxc6) 27. Qe2 $11 Nd8 (27... e4 $1 $11 28. dxc6 Bxc6) 28. Qxe5+ $18 Kg8 29. Qg3+ $2 (29. Re3 $1 $18 {[%cal Re3g3] White threatens Rg3+ and mate.} Rg6 30. Rg3 Rxg3 31. Qxg3+ Kf8 32. Nf3) 29... Kf8 $1 $11 30. Nf3 Nf7 31. Ng5 (31. Nh4 $1 $11) 31... Qd8 $2 {[%emt 0:03:31][%mdl 8192] [#]} (31... Nxg5 $17 {and life is bright.} 32. Qxg5 Rh7) 32. Ne6+ $18 Bxe6 33. dxe6 Qe7 34. exf7 Qxf7 35. Qf4 Rf6 36. Qb4+ Kg8 37. Qxb7 Rf8 38. Qb3 f4 39. Rf1 c5 40. Qxf7+ R8xf7 {[%emt 0:00:02][%mdl 4096] Endgame KRR-KRR. White is two pawns up.} 41. Rf2 f3 42. Raf1 fxg2 43. Rxg2+ (43. Rxf6 gxf1=Q+ 44. Rxf1 Rd7 $18) 43... Kh7 44. Rxf6 Rxf6 {[%emt 0:00:04] KR-KR. White is two pawns up.} 45. Rg5 Rd6 46. Rg2 $2 (46. Rxc5 Rd1+ 47. Kf2 Rd2+ 48. Kf3 Rxb2 $16) (46. Rh5+ $18 Kg8 47. Rg5+ (47. Rxc5 Rd1+ 48. Kf2 Rd2+ 49. Kg3 Rxb2 $18) 47... Kh8 48. h4 (48. Rxc5 Rd1+ 49. Kh2 Rd2+ 50. Kg3 Rxb2 $18)) 46... c4 $2 (46... Rf6 $1 $11 47. Rg4 Rd6 48. Rh4+ Kg7 49. Rg4+ Kf7) 47. Kf2 Rd3 48. Ke2 (48. h4 Rh3 49. Ke2 Kh6 $16) 48... Rxh3 49. Kd2 a5 $2 (49... Rh5 50. Ke3 Rh4) 50. b3 Rh4 51. Kc2 Kh6 52. Kb2 Re4 53. b4 Re5 54. Ka3 Re3 55. Rc2 (55. bxa5 Rxc3+ 56. Kb4 Re3 $18) (55. b5 $142 Rxc3+ 56. Ka4) 55... axb4+ 56. Kxb4 Kg6 57. Rf2 (57. a4 $142 Re8 58. a5 (58. Kxc4 Rc8+ 59. Kd5 Rd8+ 60. Kc6 Ra8 $18) 58... Rb8+ 59. Kxc4 Rc8+ 60. Kd5 Rd8+ 61. Kc6 Ra8 62. Ra2) 57... Re8 58. a4 Rb8+ 59. Kxc4 Ra8 60. Kb4 Rb8+ 61. Ka3 Rc8 62. Kb3 (62. Rf3 $142 Ra8 63. Rf1) 62... Rb8+ 63. Kc2 Ra8 64. Rf4 Kg5 65. Rd4 Kf5 66. Kb3 Ke5 67. Rb4 $2 (67. Rd3 Rb8+ 68. Ka3) 67... Kd5 68. Rb5+ ({White should play} 68. Rg4 $18) 68... Kc6 $16 69. Kb4 Rh8 70. a5 Rh1 {[%emt 0:00:22] ( -> ...Rb1+)} 71. Rb6+ Kc7 72. c4 Rb1+ 73. Kc5 Ra1 74. Kb5 (74. Rc6+ $16 Kb7 75. a6+ (75. Rb6+ Ka7 $11) 75... Ka8 76. Kb6 Rb1+ 77. Ka5) 74... Rb1+ $11 75. Ka6 Rc1 ({And not} 75... Rxb6+ 76. axb6+ Kd6 77. b7 Kc7 78. Ka7 (78. b8=Q+ Kxb8 79. Kb6 Kc8 80. c5 Kd7 81. c6+ Kd8 82. Kb7 Ke7) 78... Kd7 79. b8=Q (79. b8=R Kd6 80. Rb5 Ke6 81. c5 Kf5 82. c6+ Kg4 83. c7 Kf4) 79... Ke7 80. Qe5+ Kf8 81. c5) 76. Rb4 Kc6 77. Ka7 Kc7 78. a6 {[%emt 0:00:21] Strongly threatening Rb7+.} Rc2 $2 (78... Re1 $11) 79. Ka8 $2 (79. Rb7+ $18 Kc8 80. Rh7) 79... Ra2 80. a7 Rc2 81. Rb7+ Kc8 82. Rb8+ Kc7 83. Rb4 Rc3 84. Ra4 Rc1 85. Rb4 Rd1 86. Rb7+ Kc8 $2 {[%emt 0:00:02][%mdl 8192] [#]} (86... Kc6 $11) 87. c5 $2 (87. Rb5 $1 {mates} Kc7 88. Rc5+ Kb6 89. Rc8 Rd7 90. c5+ Ka6 91. Rc6+ Kb5 92. Rd6) 87... Rd5 {[%emt 0:00:10] The position is equal.} 88. c6 Rc5 89. Rb8+ Kc7 90. Rb7+ Kc8 $1 91. c7 Re5 92. Rb3 Rc5 93. Rg3 Kxc7 94. Rg8 Rd5 95. Rf8 Rd7 96. Rb8 Kc6 97. Rc8+ Kb6 98. Kb8 Rb7+ 99. Ka8 Rc7 100. Rh8 Rxa7+ 101. Kb8 Rb7+ 102. Kc8 Rc7+ 103. Kb8 {[%emt 0:00:07] Both players deserved the win here.   Weighted Error Value: White=0.60/Black=0.97  Loses game:     	White=1     	Black=5      Missed win:     	White=4     	---        Mistake:       	White=4     	Black=5      Inaccurate:     	White=1     	---        OK:         	White=25    	Black=26     Best:        	White=7     	Black=11     Strong:       	White=1     	Black=3} 1/2-1/2

[Event "SixDays Budapest January IM-B 2025"]
[Site "Budapest"]
[Date "2025.01.28"]
[Round "4.2"]
[White "Varga, Csaba Zoltan"]
[Black "Tancsa, Tamas"]
[Result "1-0"]
[Annotator "TA"]
[ECO "C20"]
[WhiteElo "2198"]
[BlackElo "2192"]
[PlyCount "95"]
[EventDate "2025.01.24"]
[EventType "tourn"]
[EventCountry "HUN"]
[SourceTitle "playchess.com"]
[Source "ChessBase"]
[SourceQuality "1"]
[TimeControl "5400+30"]

1. f3 e5 2. e4 d5 3. exd5 Qxd5 4. Nc3 Qd8 5. f4 $146 (5. Bc4 Qh4+ 6. g3 Qxc4 7. d3 Qc6 8. Bd2 Nf6 9. Qe2 Bd6 10. O-O-O Be6 11. f4 Qxh1 12. Qf3 Qxf3 13. Nxf3 {0-1 Hu,Y-Hummatov,S (1154) Wch U08 Batumi 2022 (7)}) 5... exf4 {[%emt 0:03:12] and ...Qh4+ should not be overlooked} 6. Bc4 {[%emt 0:02:28] C20: 1 e4 e5: Unusual White second moves.} Qh4+ 7. Kf1 {[%emt 0:00:21] [#]} f3 8. Bb5+ $11 {[%emt 0:00:13] The position is equal.} Bd7 9. Nxf3 (9. Bxd7+ Nxd7 10. Nxf3 Qh5 $11) 9... Bxb5+ 10. Nxb5 Qc4+ 11. Qe2+ Qxe2+ 12. Kxe2 Bd6 13. d4 Nf6 14. c4 a6 15. Nxd6+ cxd6 {[%emt 0:00:08] Black is weak on the dark squares} 16. Bf4 Kd7 17. Rhe1 b5 18. c5 $1 Nd5 {[%emt 0:06:24] White stays focused until the end.} ({Better is} 18... Re8+ $14 19. Kf1 Ne4) 19. Bxd6 $16 {[%emt 0:00:32] White is more active.} f6 {[%emt 0:00:04] Dodges Ne5+} 20. Bxb8 Raxb8 21. g3 Rhe8+ 22. Kd2 g5 23. Rxe8 Rxe8 $18 {[%emt 0:00:02][%mdl 4096] Endgame KRN-KRN. White is a pawn up.} 24. Re1 Rc8 25. Ng1 h5 26. Ne2 Re8 {[%emt 0:15:29] [#]} (26... b4 $142 27. Nc1 h4) 27. Nc3 $1 Rxe1 28. Kxe1 {[%emt 0:00:05] KN-KN. White is a pawn up.} Ne7 29. Ke2 f5 30. a3 Ke6 (30... Nc6 {keeps fighting.} 31. Kd3 Na5) 31. b4 Kf6 32. Kd3 {[%emt 0:02:06] aiming for d5.} Ke6 {[%emt 0:00:15] [#]} 33. d5+ $1 Ke5 34. d6 Nc6 35. Ne2 Kd5 36. Ke3 Ne5 37. h4 gxh4 38. gxh4 Ke6 39. Nf4+ Kd7 40. Nxh5 Ng6 41. Nf6+ {[%emt 0:00:25] White mates.} Ke6 42. d7 Ke7 {[%emt 0:00:04] [#]} 43. c6 $1 f4+ 44. Ke4 Kd8 45. h5 Ne7 46. h6 Ng6 47. h7 Kc7 48. Nd5+ {[%emt 0:00:05] Weighted Error Value: White=0.07 (flawless) /Black=0.46  Mistake:       	---       	Black=4      Inaccurate:     	White=1     	Black=3      OK:         	White=14    	Black=8      Best:        	White=5     	Black=1      Strong:       	White=2     	---} 1-0

[Event "SixDays Budapest January IM-B 2025"]
[Site "Budapest"]
[Date "2025.01.28"]
[Round "4.3"]
[White "Ongut, Tamas Gunes"]
[Black "Papp, Bence"]
[Result "1/2-1/2"]
[Annotator "TA"]
[ECO "C43"]
[WhiteElo "2262"]
[BlackElo "2272"]
[PlyCount "52"]
[EventDate "2025.01.24"]
[EventType "tourn"]
[EventCountry "HUN"]
[SourceTitle "playchess.com"]
[Source "ChessBase"]
[SourceQuality "1"]
[TimeControl "5400+30"]

1. e4 e5 2. Nf3 Nf6 3. d4 Nxe4 4. Bd3 d5 5. Nxe5 Nd7 6. Nxd7 Bxd7 7. O-O Bd6 8. Nc3 Nxc3 9. bxc3 O-O 10. Qh5 {[%emt 0:00:09][%csl Gd3,LRd5,LRh7][%cal Rh5h7] [#] Against Qh4. C43: Petroff Defence: 3 d4.} f5 {[%emt 0:00:04] A sharp opening} 11. Bg5 Qe8 12. Qh4 ({Better is} 12. Qf3 $11) 12... Qg6 (12... h6 $15 {was preferable.} 13. Bd2 f4) 13. Rfe1 $146 {[%emt 0:03:14] The position is equal.} (13. Bf4 Bxf4 14. Qxf4 Qc6 15. Rab1 a6 16. Rfe1 b6 17. Re3 Rae8 18. Rg3 Qxc3 19. h4 {½-½ Vidruska,R (1991)-Grabarczyk,M (2337) EU-ch Blitz Katowice 2022 (8)}) 13... Rae8 14. Bf4 Qg4 15. Qxg4 fxg4 16. Bxd6 cxd6 17. Rab1 Rxe1+ 18. Rxe1 $11 {[%emt 0:00:42][%mdl 4096] Endgame KRB-KRB} Kf7 19. c4 (19. Bxh7 $2 {loses.} g6 20. f3 gxf3 (20... Rh8 $2 21. Bxg6+ Kxg6 22. fxg4 $19) 21. gxf3 Rh8 $19) 19... dxc4 20. Bxc4+ Kf6 21. Re3 Rc8 22. Bb3 a5 {[%emt 0:06:20] [#]} 23. c3 $1 b5 {[%emt 0:03:09] and ...b4 should not be overlooked} 24. f3 b4 25. cxb4 axb4 26. fxg4 Bxg4 {[%emt 0:01:19] An uneventful encounter.   Weighted Error Value: White=0.10 (very precise) /Black=0.06 (flawless)   Mistake:       	White=1     	Black=1      OK:         	White=5     	Black=5      Best:        	White=1     	Black=1      Strong:       	White=1     	---} 1/2-1/2

[Event "SixDays Budapest January IM-B 2025"]
[Site "Budapest"]
[Date "2025.01.28"]
[Round "4.5"]
[White "Meers, Hubert"]
[Black "Senthil Maran K"]
[Result "1-0"]
[Annotator "RC"]
[ECO "B12"]
[WhiteElo "2198"]
[BlackElo "2398"]
[PlyCount "87"]
[EventDate "2025.01.24"]
[EventType "tourn"]
[EventCountry "HUN"]
[SourceTitle "playchess.com"]
[Source "ChessBase"]
[SourceQuality "1"]
[TimeControl "5400+30"]

1. e4 c6 2. d4 d5 3. e5 Bf5 4. h4 h5 5. Bd3 Bxd3 6. Qxd3 Qa5+ 7. Nd2 e6 8. Ngf3 Nh6 9. O-O Nf5 10. c4 Be7 11. g3 O-O 12. b3 Qa6 13. Qc2 Rd8 14. Rd1 c5 15. dxc5 Nc6 16. Bb2 Nb4 17. Qb1 dxc4 18. Nxc4 Bxc5 19. Ng5 b5 20. Nd6 Bxd6 21. exd6 Rxd6 22. Qe4 Rad8 23. Qe2 f6 24. Rxd6 Qxd6 25. Ne4 Nd4 26. Qxh5 Qe5 27. Qxe5 fxe5 28. Kg2 Rc8 29. Rd1 Nbc2 30. Ng5 Rc6 31. Nf3 Rc5 32. Rd2 Nc6 33. Rd7 a5 34. Rc7 N2b4 35. Ng5 Rd5 36. a3 g6 37. axb4 Nxb4 38. Bc3 Nd3 39. Bxa5 b4 40. Bb6 Ne1+ 41. Kf1 Rd1 42. Ke2 Rb1 43. Bc5 Ng2 44. Be7 1-0